 Dungeon Crawl Stone Soup version 0.29-a0-330-g52719c12eb (webtiles) character file.

Game seed: 14120985265968101758

22856 Anon1729 the Carver (level 13, -8/101 HPs)
             Began as a Merfolk Monk on May 24, 2022.
             Was a Follower of Uskayaw.
             Mangled by a five-headed hydra (9 damage)
             ... on level 3 of the Lair of Beasts.
             The game lasted 00:22:55 (16558 turns).

Anon1729 the Carver (Merfolk Monk)                 Turns: 16558, Time: 00:22:55

Health: -8/101     AC:  6    Str: 12    XL:     13   Next: 3%
Magic:  19/22      EV: 19    Int: 10    God:    Uskayaw [*.....]
Gold:   945        SH:  0    Dex: 20    Spells: 12/12 levels left

rFire   . . .      SeeInvis .   b - +0 rapier
rCold   + . .      Faith    .   (no shield)
rNeg    . . .      Spirit   .   y - +0 troll leather armour
rPois   .          Reflect  .   v - +0 helmet
rElec   .          Harm     .   J - scarf {repulsion}
rCorr   .          Rampage  .   (no gloves)
Will    .....                   q - +0 pair of boots
Stlth   +++++.....              j - amulet of magic regeneration
HPRegen 1.06/turn               r - +4 ring of slaying
MPRegen 0.58/turn               R - ring of protection from cold

@: repel missiles
A: (nimble swimmer 2), mertail
a: Renounce Religion, Stomp


You were on level 3 of the Lair of Beasts.
You worshipped Uskayaw.
Uskayaw was pleased with you.
You visited 2 branches of the dungeon, and saw 16 of its levels.

You collected 945 gold pieces.

Inventory:

Hand Weapons
 a - a +4 long sword
 b - a +0 rapier (weapon)
 B - the +9 whip of the Spectre {venom, Dex+4}
   (You found it on level 4 of the Dungeon)

   It poisons the flesh of those it strikes.
   Dex:       It affects your dexterity (+4).
Missiles
 l - 55 poisoned darts (quivered)
 E - 3 curare-tipped darts
Armour
 p - a +0 ring mail
 q - a +0 pair of boots (worn)
 v - a +0 helmet (worn)
 y - a +0 troll leather armour (worn)
 J - a scarf of repulsion (worn)
 K - +0 steam dragon scales
 P - a +0 robe
 T - an orb of wrath
Jewellery
 j - an amulet of magic regeneration (around neck)
 r - a +4 ring of slaying (left hand)
 A - a ring of resist corrosion
 C - a ring of ice
 L - a +6 ring of intelligence
 R - a ring of protection from cold (right hand)
Wands
 G - a wand of flame (18)
 I - a wand of charming (24)
 M - a wand of polymorph (6)
 N - a wand of digging (4)
 O - a wand of mindburst (5)
Scrolls
 d - 3 scrolls of amnesia
 g - 2 scrolls of vulnerability
 h - 3 scrolls of torment
 m - 2 scrolls of summoning
 o - 6 scrolls of teleportation
 F - 2 scrolls of enchant armour
 H - a scroll of blinking {unknown}
 U - a scroll of identify
 V - 3 scrolls of enchant weapon
Potions
 c - 2 potions of flight {unknown}
 e - a potion of might {unknown}
 f - 2 potions of degeneration
 i - 3 potions of brilliance
 k - 4 potions of curing
 t - 3 potions of heal wounds {unknown}
 u - 3 potions of lignification
 w - a potion of mutation {unknown}
 x - a potion of resistance
 z - 2 potions of attraction {unknown}
 D - 2 potions of haste {unknown}
 Q - a potion of berserk rage {unknown}
 S - 2 potions of invisibility {unknown}
Miscellaneous
 s - a phial of floods (inert)


   Skills:
 + Level 9.6 Fighting
 * Level 14.1 Long Blades
 + Level 11.5 Dodging
 + Level 10.2 Stealth
 * Level 12.3 Invocations


You had 12 spell levels left.
You didn't know any spells.
Your spell library contained the following spells:

 Spells                   Type           Power      Damage    Failure   Level
 Beastly Appendage        Tmut           0%         N/A       43%         1
 Summon Small Mammal      Summ           0%         N/A       43%         1
 Corpse Rot               Necr/Air       0%         N/A       58%         2
 Sublimation of Blood     Necr           0%         N/A       58%         2
 Wereblood                Tmut           0%         N/A       58%         2
 Call Canine Familiar     Summ           0%         N/A       82%         3
 Dazzling Flash           Conj/Hex       0%         N/A       82%         3
 Spider Form              Tmut/Pois      0%         N/A       82%         3
 Summon Guardian Golem    Hex/Summ       0%         N/A       82%         3
 Tukima's Dance           Hex            0%         N/A       82%         3
 Animate Armour           Summ/Erth      0%         N/A       99%         4
 Dispel Undead            Necr           0%         3d6       99%         4
 Iskenderun's Mystic Bla  Conj/Tloc      0%         2d3       99%         4
 Passage of Golubria      Tloc           0%         N/A       99%         4
 Petrify                  Tmut/Erth      0%         N/A       99%         4
 Summon Ice Beast         Ice/Summ       0%         N/A       99%         4
 Agony                    Necr           0%         N/A       100%        5
 Blade Hands              Tmut           0%         N/A       100%        5
 Irradiate                Conj/Tmut      0%         3d13      100%        5
 Metabolic Englaciation   Hex/Ice        0%         N/A       100%        5
 Yara's Violent Unravell  Hex/Tmut       0%         3d3       100%        5
 Death Channel            Necr           0%         N/A       100%        6
 Iron Shot                Conj/Erth      0%         9d1       100%        6
 Starburst                Conj/Fire      0%         6d3       100%        6
 Statue Form              Tmut/Erth      0%         N/A       100%        6
 Dragon's Call            Summ           0%         N/A       100%        9


Dungeon Overview and Level Annotations

Branches:
Dungeon (13/15)            Temple (0/1) D:5            Lair (3/6) D:10
  Swamp: Lair:2-4    Shoals: Lair:2-4     Snake: Lair:2-4    Spider: Lair:2-4
    Orc: D:9-12      Vaults: D:13-14

Altars:
Cheibriados
Fedhas
Kikubaaqudgha
Nemelex Xobeh
Ru
Trog
Uskayaw
Vehumet
Xom

Shops:
D:4 (

Annotations:
D:8 1 runed translucent door, exclusion: two-headed ogre, marpa's ghost, novice DECj


Innate Abilities, Weirdness & Mutations

((You are very nimble when in or above water. (Stealth+, EV+, Speed+++)))
Your lower body shifts to a powerful aquatic tail in water.


Message History

The five-headed hydra bites you!
The five-headed hydra completely misses you. x2
The five-headed hydra bites you.
You hit the five-headed hydra.
The five-headed hydra is almost dead.
The five-headed hydra bites you! The five-headed hydra bites you. x3
The five-headed hydra bites you!
* * * LOW HITPOINT WARNING * * *
You are too injured to fight recklessly!
You are too injured to fight recklessly!
You are too injured to fight recklessly!
You are too injured to fight recklessly!
You are too injured to fight recklessly!
Okay, then.
Unknown command.
You hit the five-headed hydra.
The five-headed hydra is almost dead.
The five-headed hydra closely misses you.
The five-headed hydra bites you.
* * * LOW HITPOINT WARNING * * *
The five-headed hydra barely misses you. x2
The five-headed hydra bites you!
* * * LOW HITPOINT WARNING * * *
Aiming: Mindburst
Press: ? - help, Shift-Dir - straight line, f - five-headed hydra
Aim: a five-headed hydra (almost dead, chance to affect: 29%)
Okay, then.
Unknown command.
Okay, then.
Okay, then.
Unknown command.
You stomp with the beat, sending a shockwave through the revellers around you!
The five-headed hydra is almost dead.
You can no longer pass through a line of other dancers.
The five-headed hydra completely misses you.
The five-headed hydra bites you!
* * * LOW HITPOINT WARNING * * *
The five-headed hydra closely misses you.
The five-headed hydra bites you!
You die...

##.....†...........##
#P.................#
#).................#
##.................##
#..................#
#..................
#.....[...........
#...............
#.#....@........
#.....D........
#............... ....
......(......... ....
................ ....
.P#............. ....
............... . ..
.............. ..##
....


You could see a five-headed hydra.

Vanquished Creatures
  A boulder beetle (D:12)
  A hydra (D:12)
  A two-headed ogre (D:12)
  Nergalle (Lair:2)
  Pikel (D:4)
  An ugly thing (D:12)
  2 cyclopes
  A manticore (D:11)
  A black mamba (Lair:2)
  10 cane toads
  Maggie (D:8)
  6 komodo dragons
  3 rime drakes (Lair:2)
  2 kobold demonologists (D:10)
  2 unseen horrors
  6 slime creatures
  2 trolls
  2 blink frogs
  2 shadows
  2 basilisks
  2 wraiths
  3 wyverns
  27 yaks
  2 steam dragons (D:8)
  10 water moccasins
  2 orc warriors
  3 wolves
  2 ogres (D:7)
  4 centaurs
  A phantom (D:5)
  8 bullfrogs
  5 kobold brigands
  A gnoll sergeant (D:9)
  8 wights
  6 howler monkeys
  2 orc priests (D:6)
  2 hounds
  A jelly (D:5)
  A gnoll shaman (D:7)
  2 iguanas
  5 orc wizards
  2 hell rats (Lair:2)
  13 gnolls
  6 adders
  8 river rats (Lair:2)
  A white imp (D:4)
  An ufetubus (D:4)
  2 worms
  3 dart slugs
  24 orcs
  5 ball pythons
  7 endoplasms
  5 goblins
  4 hobgoblins
  3 jackals (D:4)
  2 quokkas (D:1)
  8 bats
  3 frilled lizards
  18 kobolds
  5 rats
265 creatures vanquished.

Vanquished Creatures (collateral kills)
  A vampire (D:12)
1 creature vanquished.

Vanquished Creatures (others)
  A bush (Lair:2)
  5 fungi (Lair:2)
  21 plants
27 creatures vanquished.

Grand Total: 293 creatures vanquished

Notes
Turn   | Place    | Note
-------+----------+-------------------------------------------
     0 | D:1      | Anon1729 the Merfolk Monk began the quest for the Orb.
     0 | D:1      | Reached XP level 1. HP: 18/18 MP: 1/1
   162 | D:1      | Reached XP level 2. HP: 24/24 MP: 2/2
   792 | D:1      | Reached skill level 4 in Long Blades
  1110 | D:1      | Reached XP level 3. HP: 25/29 MP: 3/3
  1402 | D:2      | Found a shimmering altar of Xom.
  2408 | D:2      | Found a faded altar of an unknown god.
  2410 | D:2      | Reached XP level 4. HP: 37/37 MP: 4/4
  2423 | D:3      | Reached skill level 1 in Invocations
  3297 | D:3      | Found a blossoming altar of Fedhas.
  3297 | D:3      | Found an ancient bone altar of Kikubaaqudgha.
  3662 | D:4      | Reached XP level 5. HP: 37/42 MP: 6/6
  3795 | D:4      | Found Juor's Antique Weapon Shoppe.
  3875 | D:4      | Found a radiant altar of Vehumet.
  3875 | D:4      | Noticed a centaur
  3897 | D:4      | Killed a centaur
  3898 | D:4      | Reached skill level 5 in Long Blades
  3898 | D:4      | Reached skill level 5 in Dodging
  4326 | D:4      | Got the Papyrus of Creation and Darkness
  4507 | D:4      | Reached XP level 6. HP: 36/48 MP: 6/8
  4647 | D:4      | Noticed Pikel
  4668 | D:4      | Killed Pikel
  4669 | D:4      | Reached skill level 6 in Long Blades
  4669 | D:4      | Reached XP level 7. HP: 16/55 MP: 8/10
  5049 | D:4      | Identified the +9 whip of the Spectre {venom, Dex+4}
  5170 | D:5      | Entered Level 5 of the Dungeon
  5400 | D:5      | Reached XP level 8. HP: 58/61 MP: 11/11
  5467 | D:5      | Reached skill level 5 in Fighting
  5794 | D:5      | Noticed a +0 dagger
  5794 | D:5      | Noticed a +0 falchion
  5794 | D:5      | Noticed a +0 dagger
  5795 | D:5      | Noticed a +0 spear
  5795 | D:5      | Noticed a +0 short sword
  5795 | D:5      | Noticed a +0 short sword
  5797 | D:5      | Noticed a +0 spear
  5797 | D:5      | Noticed a +0 falchion
  5801 | D:5      | Found a hide-covered altar of Uskayaw.
  5820 | D:5      | Became a worshipper of Uskayaw the Reveller
  5820 | D:5      | Reached * piety under Uskayaw
  5850 | D:5      | Found a bloodstained altar of Trog.
  5903 | D:5      | Reached ** piety under Uskayaw
  5905 | D:5      | Reached skill level 7 in Long Blades
  5907 | D:5      | Reached *** piety under Uskayaw
  5908 | D:5      | Reached skill level 5 in Invocations
  6259 | D:5      | Found a staircase to the Ecumenical Temple.
  6447 | D:6      | Reached skill level 5 in Stealth
  6478 | D:6      | Reached **** piety under Uskayaw
  6756 | D:6      | Killed an unseen horror
  6764 | D:6      | Reached XP level 9. HP: 14/69 MP: 13/13
  7031 | D:5      | Reached skill level 8 in Long Blades
  7348 | D:6      | Found a sacrificial altar of Ru.
  7830 | D:7      | Found a snail-covered altar of Cheibriados.
  8840 | D:8      | Noticed Maggie
  9008 | D:8      | Killed Maggie
  9009 | D:8      | Reached skill level 9 in Long Blades
  9514 | D:8      | Found a runed translucent door.
  9515 | D:8      | Noticed marpa's ghost (novice DECj)
  9975 | D:8      | Reached XP level 10. HP: 61/77 MP: 15/15
 10104 | D:8      | Noticed a two-headed ogre
 10196 | D:8      | Found a sparkling altar of Nemelex Xobeh.
 10712 | D:9      | You fall into a shaft and drop 3 floors!
 10720 | D:12     | Noticed a cyclops
 10738 | D:12     | Killed a cyclops
 10739 | D:12     | Reached skill level 10 in Long Blades
 10905 | D:10     | Entered Level 10 of the Dungeon
 11518 | D:10     | Noticed a cyclops
 11610 | D:10     | Killed a cyclops
 11684 | D:10     | Reached ***** piety under Uskayaw
 11838 | D:10     | Noticed a kobold demonologist
 11841 | D:10     | Noticed a kobold demonologist
 11847 | D:10     | Killed a kobold demonologist
 11850 | D:10     | Reached skill level 11 in Long Blades
 11856 | D:10     | Killed a kobold demonologist
 11860 | D:10     | Reached XP level 11. HP: 79/84 MP: 16/18
 11861 | D:10     | Reached ****** piety under Uskayaw
 11894 | D:10     | Found a staircase to the Lair.
 12292 | D:11     | Noticed a manticore
 12359 | D:11     | Killed a manticore
 12543 | D:10     | Reached skill level 10 in Invocations
 12703 | D:11     | Reached skill level 12 in Long Blades
 13169 | D:12     | Noticed a two-headed ogre
 13181 | D:12     | Killed a two-headed ogre
 13182 | D:12     | Reached skill level 10 in Dodging
 13230 | D:12     | Noticed a boulder beetle
 13248 | D:12     | Killed a boulder beetle
 13302 | D:12     | Noticed a cyan ugly thing
 13322 | D:12     | Killed a green ugly thing
 13617 | D:12     | Reached XP level 12. HP: 87/94 MP: 20/20
 13634 | D:12     | Noticed a six-headed hydra
 13928 | D:12     | Killed a six-headed hydra
 14072 | D:13     | Noticed a rakshasa
 14192 | Lair:1   | Entered Level 1 of the Lair of Beasts
 14208 | Lair:1   | Reached skill level 13 in Long Blades
 15797 | Lair:2   | Reached skill level 10 in Stealth
 15839 | Lair:2   | Noticed Nergalle
 15849 | Lair:2   | Killed Nergalle
 16342 | Lair:2   | Reached skill level 14 in Long Blades
 16450 | Lair:3   | Reached XP level 13. HP: 73/101 MP: 22/22
 16558 | Lair:3   | HP: 1/101 [five-headed hydra (8)]
 16558 | Lair:3   | Mangled by a five-headed hydra

Illustrated notes

Levels and vault maps discovered:
D:1:      heliophobic_arrival_enchanted_forest, layout_basic, minivault_14
D:2:      layout_basic, basic_altar, serial_co_window_serial,
          co_window_corner_a, co_window_corner_a, co_window_paths_a,
          co_window_corner_a, co_window_paths_b, co_window_corner_b,
          co_window_corner_b, co_window_2corner, co_window_unsneaky_path_d,
          co_window_4corner_a, glass_columns_a, chequers_ecumenical_altar_island
D:3:      layout_basic, grunt_temple_overflow_growth_and_decay,
          hangedman_decor_riveting
D:4:      layout_loops_cross, lemuel_tele_altar, serial_shops, shop, uniq_pikel
D:5:      layout_gridville, mainiacjoe_overflow_alcove_1,
          nicolae_uskayaw_en_pointe, temple_hall_moat
D:6:      layout_rooms, nicolae_ru_path_of_blood
D:7:      nicolae_cairo_tiling_very_big, layout_loops_ring,
          kennysheep_little_box
D:8:      layout_loops_ring, nemelex_spade_bored_becter,
          ebering_ghost_reflecting_pool, kennysheep_path_1, minmay_small_thing,
          uniq_maggie
D:9:      layout_roguey, mainiacjoe_overflow_tiny_flanked,
          nicolae_wu_jian_immortal_techniques, zin_purify,
          minmay_orc_entry_temple_large, serial_shops, shop,
          nicolae_shop_fire_sale [nicolae_sub_dead_trees]
D:10:     layout_cave_pools, david_lair_shrubbed, serial_park_tiny_1
D:11:     layout_rooms, serial_rivers, chequers_serial_rivers_small_b,
          chequers_serial_rivers_micro_b, chequers_serial_rivers_small_b,
          chequers_serial_rivers_large_b, chequers_serial_rivers_small_a
D:12:     layout_irregular_city
D:13:     layout_roguey, lightli_vaults_fourway_checkpoint,
          nicolae_straight_to_the_point
Lair:1:   layout_cave_pods
Lair:2:   layout_gridlike, nicolae_lair_lil_pond,
          chequers_serial_rivers_micro_e, minmay_stone_trees_large,
          wad_woods_06, minivault_11, kennysheep_rathole, lemuel_fruit_tree,
          infiniplex_staircase_pool, uniq_nergalle
Lair:3:   layout_layer_cave

Skill      XL: |  1  2  3  4  5  6  7  8  9 10 11 12 |
---------------+-------------------------------------+-----
Long Blades    | 4 5 6 7 9 11 12 14 | 14.1
Stealth        | 3 4 5 6 7 9 10 | 10.2
Invocations    | 1 2 4 6 7 9 10 12 | 12.3
Fighting       | 4 5 6 7 8 9 |  9.6
Dodging        | 5 6 8 9 10 11 | 11.5

Action                   |  1- 3 |  4- 6 |  7- 9 | 10-12 | 13-15 || total
-------------------------+-------+-------+-------+-------+-------++-------
Melee: Falchion          |   117 |   152 |    39 |       |       ||   308
       Punch             |     3 |     2 |     3 |     6 |       ||    14
       Whip              |       |       |    95 |       |       ||    95
       Long sword        |       |       |    92 |   579 |    10 ||   681
       Rapier            |       |       |       |     3 |    10 ||    13
Throw: Dart              |       |     7 |    11 |    24 |       ||    42
       Throwing net      |       |       |     1 |       |       ||     1
Invok: Stomp             |       |       |       |       |     1 ||     1
Evoke: Wand              |       |     4 |    12 |     8 |       ||    24
       Phial of floods   |       |       |       |     1 |       ||     1
  Use: Potion            |       |     1 |     5 |     3 |       ||     9
       Scroll            |       |       |       |    13 |       ||    13
 Stab: Sleeping          |     5 |     5 |     6 |    12 |       ||    28
       Paralysed         |       |       |     6 |    53 |       ||    59
       Held in net/web   |       |       |     2 |       |       ||     2
       Distracted        |       |       |       |     1 |       ||     1
Armor: Robe              |     7 |       |       |       |       ||     7
       Ring mail         |    17 |    55 |    49 |       |       ||   121
       Steam dragon scal |       |       |    13 |    14 |       ||    27
       Troll leather arm |       |       |       |    58 |     5 ||    63
Dodge: Dodged            |    80 |   139 |   159 |   408 |    29 ||   815
       Repelled          |       |       |       |     2 |       ||     2

Table legend: (Time is in decaauts)
 A = Elapsed time spent in this place.
 B = Non-inter-level travel time spent in this place.
 C = Inter-level travel time spent in this place.
 D = Time resting spent in this place.
 E = Time spent auto-exploring this place.
 F = Levels seen in this place.
 G = Mean time per level.
                   A        B        C        D        E       F      G
               +--------+--------+--------+--------+--------+-----+--------+
         Total |  16427 |  15744 |    683 |   2537 |  10371 |  16 | 1026.7 |
       Dungeon |  14133 |  13525 |    608 |   2428 |   8713 |  13 | 1087.2 |
          Lair |   2294 |   2219 |     75 |    109 |   1657 |   3 |  764.7 |
               +--------+--------+--------+--------+--------+-----+--------+

Top non-repeatable levels by time:
     D:7: 1663 daAuts
     D:4: 1543 daAuts
     D:2: 1477 daAuts
     D:5: 1454 daAuts
     D:1: 1230 daAuts
    D:10: 1218 daAuts
  Lair:2: 1185 daAuts
    D:12: 1121 daAuts
     D:8: 1019 daAuts
     D:6: 976 daAuts
     D:3: 931 daAuts
  Lair:1: 924 daAuts
    D:11: 763 daAuts
     D:9: 670 daAuts
  Lair:3: 184 daAuts
